AoeStats
← Black_Mahler

Arabia

506505223Analyzed
2v2 RM · 20d ago on Sep 13, 2026· 45m 42s· 4 players
Game mode
Random Map
Map size
Medium (4 player)
Population
200
Speed
Normal
Resources
Standard
Victory
Conquest
Starting age
Dark Age
Ending age
Imperial Age
RankedLock teamsTeams togetherTeam positionsShared explorationLock speedFull tech treeHidden civsTurbo modeCheats
Victory
Defeat
🇨🇴 Maya · Colombia
1044
+13
🇨🇴 Muisca · Colombia
972
+16
🇫🇮 Mongols · Finland
995
-15
🇦🇷 Chinese · Argentina
970
-14
Faceless
2:41 Loom
9:18 Feudal Age
14:47 Horse Collar
14:57 Double-Bit Axe
16:09 Wheelbarrow
21:27 Castle Age
21:33 Fletching
22:39 Bodkin Arrow
24:01 Hand Cart
24:04 Husbandry
25:36 Thumb Ring
28:31 Scale Barding Armor
28:37 Forging
30:21 Bloodlines
29:32 Light Cavalry
34:03 Iron Casting
33:55 Gold Mining
35:15 Ballistics
35:05 Masonry
41:21 Imperial Age
40:19 Heavy Plow
40:06 Elite Skirmisher
42:30 Conscription
42:58 Bow Saw
45:05 Cavalier
46:06 Padded Archer Armor
Hueso-carp
0:38 Loom
11:53 Feudal Age
18:43 Castle Age
21:42 Double-Bit Axe
21:47 Horse Collar
24:58 Fletching
29:01 Gold Mining
29:57 Wheelbarrow
40:08 Gold Shaft Mining
40:42 Ballistics
Ivar the Boneless
9:43 Feudal Age
9:50 Man-at-Arms
12:22 Double-Bit Axe
12:49 Loom
19:41 Castle Age
19:51 Forging
19:43 Eagle Warrior
20:35 Bow Saw
21:20 Wheelbarrow
21:07 Gold Mining
21:54 Iron Casting
22:24 Hand Cart
22:49 Scale Mail Armor
26:25 Pikeman
27:47 Town Watch
30:50 Chain Mail Armor
32:42 Fletching
35:37 Imperial Age
34:03 Town Patrol
34:01 Bodkin Arrow
35:09 Padded Archer Armor
35:01 Horse Collar
35:12 Stone Mining
36:05 Elite Plumed Archer
37:43 Bracer
38:19 Leather Archer Armor
37:27 Elite Eagle Warrior
39:50 Blast Furnace
40:32 Two-Man Saw
40:09 Stone Shaft Mining
39:38 Heavy Plow
40:38 Ballistics
41:19 Chemistry
41:00 Ring Archer Armor
41:00 Plate Mail Armor
41:14 Conscription
43:06 Arson
43:21 Squires
Black_Mahler
0:28 Loom
10:15 Feudal Age
11:08 Champi Runner
17:16 Town Watch
24:44 Castle Age
22:50 Horse Collar
24:44 Forging
24:58 Champi Warrior
26:36 Elite Skirmisher
29:10 Fletching
30:03 Wheelbarrow
Connection lost

Rejoining the realm…

Still unreachable

The connection could not be restored.

Session expired

The server has moved on; the page needs a fresh start.